 Dungeon Crawl Stone Soup version 0.22-a0-480-g991dd4b (webtiles) character file.

77 Darkshadow the Cudgeler (level 4, -2/60 HPs)
             Began as a Minotaur Berserker on June 16, 2018.
             Was a Believer of Trog.
             Slain by a worm (9 damage)
             ... on level 2 of the Dungeon.
             The game lasted 00:07:52 (2375 turns).

Darkshadow the Cudgeler (Minotaur Berserker)        Turns: 2375, Time: 00:07:52

Health: -2/60      AC:  2    Str: 27    XL:     4   Next: 14%
Magic:  3/3        EV:  9    Int:  4    God:    Trog [**....]
Gold:   84         SH:  9    Dex: 10    Spells: 3/3 levels left

rFire    . . .     SeeInvis .   a - +0 mace
rCold    . . .     Gourm    .   h - +0 shield
rNeg     . . .     Faith    .   b - +0 animal skin
rPois    .         Spirit   .   (helmet restricted)
rElec    .         Reflect  .   (no cloak)
rCorr    .         Harm     .   (no gloves)
MR       .....                  (no boots)
Stlth    ..........             (no amulet)
HPRegen  0.20/turn              (no ring)
MPRegen  0.08/turn              (no ring)

@: berserking (expiring), very quick
A: retaliatory headbutt, horns 2
a: Berserk, Trog's Hand, Renounce Religion


You were on level 2 of the Dungeon.
You worshipped Trog.
Trog was pleased with you.
You were very hungry.

You visited 1 branch of the dungeon, and saw 2 of its levels.

You collected 84 gold pieces.

Inventory:

Hand Weapons
 a - a +0 mace (weapon)
Missiles
 e - 117 stones (quivered)
Armour
 b - a +0 animal skin (worn)
 h - a +0 shield (worn)
Jewellery
 k - a cursed ring of teleportation {unknown}
 l - a cursed ring of loudness {unknown}
Scrolls
 f - a scroll of fear {unknown}
 g - 3 scrolls of identify {unknown}
 i - a scroll of teleportation {unknown}
 n - a scroll of random uselessness {unknown}
Potions
 d - 2 potions of ambrosia {unknown}
 j - 2 potions of haste {unknown}
 m - a potion of curing {unknown}
 o - a potion of berserk rage {unknown}
 p - a potion of invisibility {unknown}
 q - a potion of might {unknown}
Comestibles
 c - 3 rations


   Skills:
 - Level 3.7 Fighting
 * Level 5.4 Maces & Flails
 - Level 2.6 Armour
 - Level 2.3 Dodging
 + Level 1.8 Shields


You had 3 spell levels left.
You didn't know any spells.
Your spell library was empty.

Dungeon Overview and Level Annotations

Branches:
Dungeon (2/15)

Altars:


Innate Abilities, Weirdness & Mutations

You reflexively headbutt those who attack you in melee.
You have a pair of horns on your head.


Message History

You feel a strong urge to attack something.
You closely miss the jackal. The jackal bites you.
* * * LOW HITPOINT WARNING * * *
You sock the jackal!
You kill the jackal!
Trog accepts your kill.
You bludgeon the jackal!!
You kill the jackal!
Trog accepts your kill.
The jackal bites you but does no damage.
You closely miss the jackal. You block the jackal's attack.
You barely miss the jackal.
You kill the jackal!
Trog accepts your kill.
You hit the worm. You headbutt the worm!
The worm is almost dead.
You barely miss the worm.
The worm is almost dead.
The worm bites you!
You die...

#.........########.'...
#.........##.....###...
#.........##.###.#....#
#.........# #.#.##.#
#.........# ###.#<.#.#
#.........# #......#.#
######'##.# #......#.#
#.# #......#.. #@#
#......... #####w##
#......... #......#
#......... #.###..#
#####..... #......#
#..... #....#.# #.....
##..# .# #..... #.. .#
#..... #.. ## #.....


You could see a worm.

Vanquished Creatures
  3 adders (D:2)
  An ooze (D:1)
  3 leopard geckos
  4 hobgoblins
  4 jackals (D:2)
  6 kobolds
  A quokka (D:2)
  9 bats
  2 frilled lizards (D:1)
  4 goblins
  8 rats
45 creatures vanquished.

Notes
Turn   | Place    | Note
-------+----------+-------------------------------------------
     0 | D:1      | Darkshadow the Minotaur Berserker began the quest for the Orb.
     0 | D:1      | Reached XP level 1. HP: 19/19 MP: 0/0
   528 | D:1      | Reached skill level 4 in Maces & Flails
   528 | D:1      | Reached XP level 2. HP: 27/27 MP: 1/1
  1375 | D:2      | Reached XP level 3. HP: 29/33 MP: 2/2
  1377 | D:2      | Reached skill level 1 in Shields
  1423 | D:2      | Reached ** piety under Trog
  1675 | D:2      | Reached skill level 5 in Maces & Flails
  2184 | D:2      | Reached XP level 4. HP: 28/40 MP: 3/3
  2375 | D:2      | Slain by a worm

Vault maps used:
D:1:      roderic_dead_forest, minmay_misc_feat_more_columns
D:2:      first_ration

Skill      XL: |  1  2  3 |
---------------+----------+-----
Maces & Flails | 4 5 |  5.4
Shields        | 1 |  1.8
Fighting       | |  3.7
Armour         | |  2.6
Dodging        | |  2.3

Action                   |  1- 3 |  4- 6 || total
-------------------------+-------+-------++-------
Melee: Mace              |    78 |    10 ||    88
       Headbutt          |    15 |     2 ||    17
Throw: Stone             |    46 |       ||    46
Invok: Berserk           |     1 |     1 ||     2
  Eat: Chunk             |     5 |       ||     5
Armor: Animal skin       |    18 |     2 ||    20
Dodge: Dodged            |    43 |       ||    43
Block: Shield            |    29 |     1 ||    30

Table legend:
 A = Spawn XP
 B = Non-spawn XP
 C = Spawn XP percentage of total XP
 D = Spawn monster count
 E = Non-spawn monster count
 F = Spawn count percentage of total count
 G = Total turns spent on level
                    A         B        C        D         E        F      G
               +---------+---------+-------+---------+---------+-------+---------
         Total |       0 |     111 |   0.0 |       0 |      45 |   0.0 |  2375
               +---------+---------+-------+---------+---------+-------+---------
           D:1 |       0 |      39 |   0.0 |       0 |      22 |   0.0 |  1316
           D:2 |       0 |      72 |   0.0 |       0 |      23 |   0.0 |  1059
               +---------+---------+-------+---------+---------+-------+---------
